 Dungeon Crawl Stone Soup version 0.26-a0-850-g97a50ab700 (webtiles) character file.

Game seed: 2718728443960861423

1719 jiml777 the Magician (level 8, 0/41 HPs)
             Began as a Deep Elf Air Elementalist on Nov 21, 2020.
             Was a Follower of Sif Muna.
             Slain by a wyvern (3 damage)
             ... on level 8 of the Dungeon.
             The game lasted 00:51:31 (7908 turns).

jiml777 the Magician (Deep Elf Air Elementalist)    Turns: 7908, Time: 00:51:32

Health: 0/41       AC:  9    Str:  5    XL:     8   Next: 75%
Magic:  5/21       EV: 13    Int: 23    God:    Sif Muna [*.....]
Gold:   352        SH:  5    Dex: 15    Spells: 12/22 levels left

rFire    . . .     SeeInvis .   v - +4 quarterstaff (chaos)
rCold    + . .     Faith    .   (shield currently unavailable)
rNeg     . . .     Spirit   .   a - +0 robe
rPois    .         Reflect  +   c - +2 helmet
rElec    .         Harm     .   w - +0 cloak
rCorr    .         Rampage  .   o - +2 pair of gloves
MR       .....                  (no boots)
Stlth    ++........             t - amulet of reflection
HPRegen  0.13/turn              l - ring of protection from cold
MPRegen  0.17/turn              y - ring of wizardry

@: no status effects
A: no striking features
a: Channel Magic, Renounce Religion


You were on level 8 of the Dungeon.
You worshipped Sif Muna.
Sif Muna was aware of your devotion.
You visited 2 branches of the dungeon, and saw 9 of its levels.

You collected 352 gold pieces.

Inventory:

Hand Weapons
 h - a +0 dagger
 v - a +4 quarterstaff of chaos (weapon)
Missiles
 e - 113 arrows
 m - 36 poisoned darts (quivered)
 r - 4 silver boomerangs
Armour
 a - a +0 robe (worn)
 c - a +2 helmet (worn)
 n - a scarf of repulsion
 o - a +2 pair of gloves (worn)
 s - a scarf of harm
 w - a +0 cloak (worn)
Jewellery
 l - a ring of protection from cold (left hand)
 p - an uncursed ring of stealth
 t - an amulet of reflection (around neck)
 y - a ring of wizardry (right hand)
Wands
 k - a wand of polymorph (4)
 q - a wand of acid (8)
Scrolls
 b - 6 scrolls of remove curse
 d - 2 scrolls of identify
 f - 2 scrolls of blinking
 j - 3 scrolls of teleportation
 x - a scroll of fog
 C - a scroll of magic mapping
Potions
 g - a potion of heal wounds
 i - 4 potions of curing
 u - 2 potions of flight
 z - a potion of resistance
 A - 2 potions of brilliance
 B - a potion of ambrosia


   Skills:
 + Level 2.6 Dodging
 + Level 3.2 Stealth
 + Level 7.8 Spellcasting
 * Level 5.2 Conjurations
 + Level 7.1 Air Magic
 * Level 2.7 Invocations
 * Level 4.4 Evocations


You had 12 spell levels left.
You knew the following spells:

 Your Spells              Type           Power        Failure   Level
a - Shock                 Conj/Air       ####         1%          1
b - Swiftness             Air            #####...     1%          2
c - Static Discharge      Conj/Air       #####...     1%          3
d - Airstrike             Air            #####.....   1%          4

Your spell library contained the following spells:

 Spells                   Type           Power        Failure   Level
 Lightning Bolt           Conj/Air       #####.....   6%          5


Dungeon Overview and Level Annotations

Branches:
Dungeon (8/15)             Temple (1/1) D:5
   Lair: D:8-11

Altars:
Cheibriados
Dithmenos
Elyvilon
Gozag
Hepliaklqana
Makhleb
Ru
Sif Muna
Vehumet
Zin
The Shining One

Annotations:
D:5 3 runed translucent doors, DarkMailMan's ghost, novice DESu


Message History

Confirm with . or Enter, or press ? or * to list all spells.
Aiming: Shock (safe; 1% risk of failure)
Press: ? - help, Shift-Dir - straight line The zap misses the wyvern. x2; The zap hits the water moccasin!
The water moccasin is almost dead.
The wyvern closely misses you. The wyvern bites you.
You fail to use your ability.
The wyvern closely misses you. The wyvern bites you!
* * * LOW HITPOINT WARNING * * *
The wyvern closely misses you.
Okay, then.
Casting: Shock (safe; 1% risk of failure)
Confirm with . or Enter, or press ? or * to list all spells.
Aiming: Airstrike (dangerous; 1% risk of failure)
Press: ? - help, Dir - move target cursor, f - wyvern
Aim: a wyvern (heavily wounded)
The air twists around and violently strikes the wyvern!
The wyvern is almost dead.
The wyvern bites you.
You die...

###.### ######..# #... #.# #..#
#.## ####### #.# #<.# #.#
....... #.##########..###.#
....... #..........#..#...##
....... ###........#..#.##..
.......#######........#..#.##.#
...........hSl........#..#.##.#
..♣....#######@.......#..#.##.#
.).P... #........#.......#
.P.PS.. #........#.##.....
♣...... #........#.#######
.P..... ########...##.....
PhP..## #####.(##.#### .P...
...........# ..........##
..........#


You could see a water moccasin, a black bear and a wyvern.

Vanquished Creatures
  A wyvern (D:8)
  An ice beast (D:7)
  3 black bears
  2 ogres
  A necrophage (D:8)
  A big kobold (D:7)
  A bullfrog (D:7)
  3 scorpions
  A howler monkey (D:6)
  3 hounds
  3 orc wizards
  A jelly (D:8)
  2 orc priests
  A bullfrog skeleton (D:7)
  Crazy Yiuf (D:5)
  3 worker ants
  3 gnolls (D:4)
  7 adders
  2 shadow imps
  A white imp (D:6)
  2 ufetubi
  2 oozes (D:4)
  An adder skeleton (D:5)
  2 worms
  3 dart slugs
  4 leopard geckos
  9 orcs
  3 ball pythons
  6 bats
  8 giant cockroaches
  5 goblins
  7 hobgoblins
  6 jackals
  5 quokkas
  8 frilled lizards
  17 kobolds
  A leopard gecko skeleton (D:4)
  A quokka skeleton (D:4)
  A quokka zombie (D:5)
  7 rats
139 creatures vanquished.

Vanquished Creatures (others)
  3 fungi (D:5)
  2 plants (D:8)
5 creatures vanquished.

Grand Total: 144 creatures vanquished

Notes
Turn   | Place    | Note
-------+----------+-------------------------------------------
     0 | D:1      | jiml777 the Deep Elf Air Elementalist began the quest for
                  | the Orb.
     0 | D:1      | Reached XP level 1. HP: 10/10 MP: 6/6
   208 | D:1      | Reached XP level 2. HP: 3/15 MP: 2/8
  1103 | D:2      | Reached XP level 3. HP: 19/19 MP: 5/9
  1260 | D:2      | Found a faded altar of an unknown god.
  1669 | D:2      | Found a white marble altar of Elyvilon.
  2019 | D:3      | Reached XP level 4. HP: 12/24 MP: 1/11
  2466 | D:3      | Learned a level 2 spell: Swiftness
  2470 | D:3      | Learned a level 3 spell: Static Discharge
  2475 | D:3      | Learned a level 4 spell: Airstrike
  2548 | D:3      | Found a radiant altar of Vehumet.
  3217 | D:4      | Reached XP level 5. HP: 28/28 MP: 8/13
  3447 | D:4      | Found a sacrificial altar of Ru.
  3457 | D:4      | Reached skill level 1 in Evocations
  3976 | D:4      | Noticed an ogre
  3992 | D:4      | Killed an ogre
  3993 | D:4      | Reached skill level 5 in Spellcasting
  3993 | D:4      | Reached XP level 6. HP: 32/32 MP: 1/15
  4342 | D:5      | Entered Level 5 of the Dungeon
  4371 | D:5      | Found a runed translucent door.
  4381 | D:5      | Noticed Crazy Yiuf
  4388 | D:5      | Killed Crazy Yiuf
  4389 | D:5      | Reached skill level 5 in Air Magic
  4706 | D:5      | Found a runed translucent gate.
  4706 | D:5      | Found a runed translucent gate.
  4731 | D:5      | Found a runed translucent gate.
  4732 | D:5      | Noticed DarkMailMan's ghost (novice DESu)
  5034 | D:5      | Found a staircase to the Ecumenical Temple.
  5042 | Temple   | Entered the Ecumenical Temple
  5070 | Temple   | Became a worshipper of Sif Muna the Loreminder
  5329 | D:6      | Reached XP level 7. HP: 36/36 MP: 8/17
  5590 | D:6      | Found a snail-covered altar of Cheibriados.
  6201 | D:6      | Found a glowing golden altar of the Shining One.
  6423 | D:7      | Reached skill level 1 in Invocations
  6607 | D:7      | Found a glowing silver altar of Zin.
  6859 | D:7      | Reached XP level 8. HP: 41/41 MP: 10/19
  7484 | D:8      | Reached * piety under Sif Muna
  7546 | D:8      | Found an opulent altar of Gozag.
  7791 | D:8      | Reached skill level 5 in Conjurations
  7907 | D:8      | HP: 2/41 [wyvern (17)]
  7908 | D:8      | Slain by a wyvern

Illustrated notes

Levels and vault maps discovered:
D:1:      dpeg_arrival_lava_temple_mockup, layout_rooms
D:2:      layout_loops_ring, chequers_ecumenical_altar_simple,
          corexii_hall_statues_l, elyvilon_altar_3
D:3:      layout_basic, lemuel_round_altar, serial_curves, eino_curves_03,
          eino_curves_02, eino_curves_04, eino_curves_03, portal_sewer_entry_e
D:4:      layout_gridville, hangedman_ru_absence
D:5:      layout_rooms, minmay_temple_entry_statues, gammafunk_ghost_necromancy,
          uniq_crazy_yiuf_cottage
D:6:      layout_loops_ring, kennysheep_mini_moat, basic_altar,
          nicolae_zen_rock_garden
D:7:      layout_gridville, overflow_temple_1_default
D:8:      layout_basic, minmay_overflow_temple_star_hex,
          minmay_lair_entry_grove, basic_altar, lemuel_tele_altar
Temple:   oiseaux_autumnal_temple

Skill      XL: |  1  2  3  4  5  6  7  8 |
---------------+-------------------------+-----
Air Magic      | 4 5 6 7 |  7.1
Conjurations   | 2 3 4 5 |  5.2
Spellcasting   | 4 5 6 7 |  7.8
Evocations     | 1 3 4 |  4.4
Stealth        | 3 |  3.2
Invocations    | 1 2 |  2.7
Dodging        | |  2.6

Action                   |  1- 3 |  4- 6 |  7- 9 || total
-------------------------+-------+-------+-------++-------
Melee: Dagger            |       |    12 |       ||    12
 Cast: Shock             |    82 |   102 |    39 ||   223
       Airstrike         |       |    10 |    41 ||    51
       Swiftness         |       |     1 |       ||     1
Invok: Channel Magic     |       |       |     1 ||     1
  Use: Scroll            |     7 |    11 |     5 ||    23
Armor: Robe              |     5 |     2 |     5 ||    12
Dodge: Dodged            |    10 |    19 |    16 ||    45
Block: Other             |       |       |     3 ||     3
       Reflection        |       |       |     1 ||     1

Table legend: (Time is in decaauts)
 A = Elapsed time spent in this place.
 B = Non-inter-level travel time spent in this place.
 C = Inter-level travel time spent in this place.
 D = Time resting spent in this place.
 E = Time spent auto-exploring this place.
 F = Levels seen in this place.
 G = Mean time per level.
                   A        B        C        D        E       F      G
               +--------+--------+--------+--------+--------+-----+--------+
         Total |   7903 |   7680 |    223 |   2965 |   3118 |   9 |  878.1 |
       Dungeon |   7858 |   7651 |    207 |   2965 |   3097 |   8 |  982.2 |
        Temple |     44 |     28 |     16 |      0 |     21 |   1 |   44.0 |
               +--------+--------+--------+--------+--------+-----+--------+

Top non-repeatable levels by time:
     D:3: 1271 daAuts
     D:4: 1184 daAuts
     D:7: 1120 daAuts
     D:1: 1013 daAuts
     D:6: 973 daAuts
     D:5: 915 daAuts
     D:2: 870 daAuts
     D:8: 509 daAuts
  Temple: 44 daAuts
